 Dungeon Sprint DCSS version 0.29-a0-542-g075992c915 (webtiles) character file.

Game seed: 14053134506871778624

1514 rocky1 the Nimble (level 9, -9/72 HPs)
             Began as a Djinni Fire Elementalist on June 4, 2022.
             Was an Elder of Okawaru.
             Killed from afar by a ynoxinul (16 damage)
             ... with an iron shot
             ... in the Dungeon (Sprint VII: "The Pits") on June 5, 2022.
             The game lasted 00:08:44 (1948 turns).

rocky1 the Nimble (Djinni Fire Elementalist)        Turns: 1948, Time: 00:08:44

Health: -9/72      AC: 14    Str:  7    XL:     9   Next: 9%
Gold:   0          EV: 17    Int: 21    God:    Okawaru [****..] SH:  0 Dex: 17

rFire   + + .      SeeInvis .   k - +2 quarterstaff (speed)
rCold   x . .      Faith    .   (shield currently unavailable)
rNeg    . . .      Spirit   .   u - +5 ring mail
rPois   ∞          Reflect  .   (no helmet)
rElec   .          Harm     .   t - +0 cloak
rCorr   .          Rampage  .   s - +0 pair of gloves
Will    .....      NoTele   +   (boots unavailable)
Stlth   +.........              (no amulet)
HPRegen 0.22/turn               m - +3 ring of evasion
MPRegen 0.00/turn               n - +3 ring of dexterity

@: flying
A: sickness immunity, fire resistance 2, cold vulnerability 1, float, innate
caster, HP casting, extra vitality 1
a: Renounce Religion, Heroism, Finesse


You were in the Dungeon.
You worshipped Okawaru.
Okawaru was greatly pleased with you.
You visited 1 branch

Inventory:

Hand Weapons
 a - a +2 vorpal morningstar
 i - a +2 halberd of protection
 k - a +2 quarterstaff of speed (weapon)
 q - a +0 lajatang
Armour
 s - a +0 pair of gloves (worn)
 t - a +0 cloak (worn)
 u - a +5 ring mail (worn)
Jewellery
 m - a +3 ring of evasion (left hand)
 n - a +3 ring of dexterity (right hand)
Scrolls
 f - a scroll of blinking
 h - a scroll of summoning
Potions
 b - 9 potions of curing
 c - 2 potions of heal wounds
 d - 2 potions of haste
 e - 5 potions of berserk rage
 g - 2 potions of invisibility
 l - a potion of attraction {unknown}
 o - a potion of brilliance
 p - a potion of resistance


   Skills:
 + Level 9.1 Fighting
 + Level 3.1 Staves
 + Level 9.1 Armour
 + Level 10.2 Dodging
 - Level 1.5 Stealth
 + Level 7.5 Spellcasting
 - Level 4.6 Invocations


You couldn't memorise any spells.
You knew the following spells:

 Your Spells              Type           Power      Damage    Failure   Level
a - Foxfire               Conj/Fire      100%       2x1d9     1%          1
b - Scorch                Fire           78%        2d9       1%          2
c - Conjure Flame         Conj/Fire      39%        6-21      3%          3
d - Inner Flame           Hex/Fire       39%        N/A       3%          3
e - Flame Wave            Conj/Fire      39%        2d9       10%         4
f - Sandblast             Erth           78%        2d17      1%          1
g - Searing Ray           Conj           78%        2d7       1%          2
h - Spider Form           Tmut/Pois      39%        N/A       3%          3
i - Animate Armour        Summ/Erth      78%        N/A       10%         4
Your spell library was empty.

Dungeon Overview and Level Annotations

Branches:
Dungeon (1/1)

Altars:
Ashenzari
Cheibriados
Dithmenos
Elyvilon
Fedhas
Gozag
Hepliaklqana
Kikubaaqudgha
Makhleb
Nemelex Xobeh
Okawaru
Qazlal
Ru
Sif Muna
Trog
Uskayaw
Vehumet
Wu Jian
Xom
Yredelemnul
Zin
The Shining One
Beogh
Jiyva
Lugonu


Innate Abilities, Weirdness & Mutations

You are immune to sickness and miasma.
You are immune to poison.
Your flesh is very heat resistant. (rF++)
You are vulnerable to cold. (rC-)
You float through the air rather than walking.
You learn spells naturally, not from books.
Your magical power is your life essence.
You have superior vitality. (+4 MHP)


Message History

Your base Armour skill increases to level 9!
Your base Dodging skill increases to level 10!
You have reached level 9!
Your experience leads to an increase in your attributes!
Your base attributes are Str 7, Int 19, Dex 14.
Increase (S)trength, (I)ntelligence, or (D)exterity?
You feel clever. x2
The power to cast Animate Armour wells up from within.
Spell assigned to 'i'.
Unknown command.
You hit the ufetubus.
The ufetubus is severely wounded.
The ufetubus misses you. The ufetubus closely misses you.
You sock the ufetubus!
You kill the ufetubus!
The ufetubus disappears in a puff of smoke!
You closely miss the ynoxinul.
The ynoxinul gestures.
You hit the ynoxinul but do no damage.
You feel like a meek peon again.
You closely miss the ynoxinul.
The ufetubus hits you but does no damage.
The ufetubus completely misses you. The ynoxinul closely misses you.
The ufetubus closely misses you. x2
You hit the ynoxinul.
The ynoxinul is lightly wounded.
The ufetubus barely misses you. x2
The ynoxinul gestures.
Casting: Searing Ray (safe; 1% risk of failure)
Confirm with . or Enter, or press ? or * to list all spells.
Flames lash the ufetubus.
The ufetubus is burned terribly!
You kill the ufetubus!
The ufetubus disappears in a puff of smoke!
* * * LOW HITPOINT WARNING * * *
The ufetubus disappears in a puff of smoke!
The ufetubus hits you but does no damage.
The ufetubus misses you. The ynoxinul gestures at you. The iron shot hits you!
You die...

#_________.#
#_________.#
#_______...###########++
##########'##...........
#.?(!')))'.##......#..#.
##########.##5...5......
#.[...555...'T3.3.......
#'#####3#####.5....#..#.
#)#...#@#.[##...........
#.#...#5#))#####'#####++
#)#...'.#.)##.......#
#.##'####))##.......#
#.#.....#..##.......#
#.#.....#'###...<...#
#.#........##.......#
#.#........##.......#
#'###########.......#


You could see a ynoxinul and 4 ufetubi.

Vanquished Creatures
  A deep troll (D)
  A shadow (D)
  A redback (D)
  2 floating eyes (D)
  2 ice beasts (D)
  Blork the orc (D)
  A bullfrog (D)
  A scorpion (D)
  A quasit (D)
  An iron imp (D)
  A gnoll shaman (D)
  An orc wizard (D)
  3 gnolls (D)
  An ufetubus (D)
  An orc (D)
  An endoplasm (D)
  A goblin (D)
  4 jackals (D)
  A kobold (D)
  2 quokkas (D)
  A bat (D)
  A frilled lizard (D)
  A jackal skeleton (D)
31 creatures vanquished.

Vanquished Creatures (others)
  7 foxfires (D)
7 creatures vanquished.

Grand Total: 38 creatures vanquished

Notes
Turn   | Place    | Note
-------+----------+-------------------------------------------
     0 | D        | rocky1 the Djinni Fire Elementalist began the quest for the
                  | Orb.
     0 | D        | Reached XP level 1. HP: 15/15 MP: 0/0
    45 | D        | Found a bloodstained altar of Trog.
    45 | D        | Found a viscous altar of Jiyva.
    45 | D        | Found a hazy altar of Hepliaklqana.
    45 | D        | Found an opulent altar of Gozag.
    46 | D        | Found a glowing golden altar of the Shining One.
    46 | D        | Found a glowing silver altar of Zin.
    46 | D        | Found a basalt altar of Yredelemnul.
    46 | D        | Found a shimmering altar of Xom.
    46 | D        | Found an ornate altar of the Wu Jian Council.
    46 | D        | Found a sacrificial altar of Ru.
    46 | D        | Found a stormy altar of Qazlal.
    46 | D        | Found an iron altar of Okawaru.
    46 | D        | Found a sparkling altar of Nemelex Xobeh.
    46 | D        | Found a burning altar of Makhleb.
    46 | D        | Found a blossoming altar of Fedhas.
    46 | D        | Found a white marble altar of Elyvilon.
    46 | D        | Found a shadowy altar of Dithmenos.
    46 | D        | Found a snail-covered altar of Cheibriados.
    49 | D        | Found a corrupted altar of Lugonu.
    50 | D        | Found a hide-covered altar of Uskayaw.
    50 | D        | Found a broken altar of Ashenzari.
    54 | D        | Became a worshipper of Warmaster Okawaru
   332 | D        | Noticed a floating eye
   336 | D        | Paralysed by a floating eye for 2 turns
   343 | D        | Paralysed by a floating eye for 3 turns
   347 | D        | Paralysed by a floating eye for 2 turns
   349 | D        | Killed a floating eye
   349 | D        | Reached * piety under Okawaru
   350 | D        | Reached skill level 4 in Dodging
   350 | D        | Reached XP level 2. HP: 23/25 MP: 0/0
   350 | D        | Reached XP level 3. HP: 28/30 MP: 0/0
   350 | D        | Learned a level 1 spell: Sandblast
   350 | D        | Reached XP level 4. HP: 34/36 MP: 0/0
   350 | D        | Reached XP level 5. HP: 38/40 MP: 0/0
   350 | D        | Learned a level 2 spell: Searing Ray
   593 | D        | Noticed a floating eye
   593 | D        | Noticed an ice beast
   654 | D        | Killed an ice beast
   654 | D        | Reached ** piety under Okawaru
   655 | D        | Reached skill level 5 in Dodging
   655 | D        | Reached XP level 6. HP: 25/49 MP: 0/0
   661 | D        | Paralysed by a floating eye for 4 turns
   666 | D        | Killed a floating eye
   667 | D        | Reached skill level 5 in Fighting
   667 | D        | Reached skill level 5 in Armour
   667 | D        | Reached skill level 6 in Dodging
   667 | D        | Reached skill level 5 in Spellcasting
   881 | D        | Noticed an ice beast
   892 | D        | Reached skill level 7 in Dodging
   892 | D        | Reached XP level 7. HP: 37/57 MP: 0/0
   892 | D        | Learned a level 3 spell: Spider Form
  1001 | D        | Reached skill level 8 in Dodging
  1347 | D        | Noticed Blork the orc
  1354 | D        | Killed Blork the orc
  1355 | D        | Reached XP level 8. HP: 54/65 MP: 0/0
  1515 | D        | Noticed a shadow
  1525 | D        | Reached *** piety under Okawaru
  1526 | D        | Reached skill level 9 in Dodging
  1530 | D        | Killed a shadow
  1865 | D        | Noticed a ynoxinul
  1865 | D        | Noticed a deep troll
  1934 | D        | HP: 3/66 [deep troll (14)]
  1941 | D        | Killed a deep troll
  1941 | D        | Reached **** piety under Okawaru
  1942 | D        | Reached skill level 10 in Dodging
  1942 | D        | Reached XP level 9. HP: 8/72 MP: 0/0
  1942 | D        | Learned a level 4 spell: Animate Armour
  1948 | D        | Killed from afar by a ynoxinul

Illustrated notes

Levels and vault maps discovered:
D:        pitsprint [storerooms_1, entrance_room_1, metal_vault_2, armoury_2,
          mini_pit_1, grid_room_1, main_hall_1, silver_pit, the_coven_2,
          the_vestibule_1, steel_vault_2, golden_pit, hallway_of_sentries,
          crystal_vault_4, iron_vault_1, final_vault]

Skill      XL: |  1  2  3  4  5  6  7  8 |
---------------+-------------------------+-----
Fighting       | 3 4 6 7 9 |  9.1
Armour         | 3 4 6 7 9 |  9.1
Dodging        | 4 5 7 8 10 | 10.2
Spellcasting   | 4 5 6 7 |  7.5
Invocations    | 3 4 |  4.6
Staves         | 3 |  3.1
Stealth        | |  1.5

Action                   |  1- 3 |  4- 6 |  7- 9 || total
-------------------------+-------+-------+-------++-------
Melee: Quarterstaff      |    11 |    10 |    85 ||   106
 Cast: Foxfire           |     5 |     1 |       ||     6
       Scorch            |       |     4 |     9 ||    13
       Searing Ray       |       |     1 |     3 ||     4
       Inner Flame       |       |     1 |     1 ||     2
Invok: Heroism           |       |     1 |     1 ||     2
  Use: Potion            |     1 |       |     3 ||     4
Armor: Robe              |     3 |     1 |       ||     4
       Ring mail         |       |     3 |    48 ||    51
Dodge: Dodged            |     7 |     7 |   105 ||   119

Table legend: (Time is in decaauts)
 A = Elapsed time spent in this place.
 B = Non-inter-level travel time spent in this place.
 C = Inter-level travel time spent in this place.
 D = Time resting spent in this place.
 E = Time spent auto-exploring this place.
 F = Levels seen in this place.
 G = Mean time per level.
                   A        B        C        D        E       F      G
               +--------+--------+--------+--------+--------+-----+--------+
         Total |   1930 |   1810 |    120 |   1259 |      0 |   1 | 1930.0 |
       Dungeon |   1930 |   1810 |    120 |   1259 |      0 |   1 | 1930.0 |
               +--------+--------+--------+--------+--------+-----+--------+

Top non-repeatable levels by time:
       D: 1930 daAuts
